Map: Station Proxima EC

Players

zuka - Winner!

  • Race: Protoss Protoss
  • League: Master
  • Spawn Location: 1:00

Dan

  • Race: Terran Terran
  • League: Master
  • Spawn Location: 7:00

VOD

Have the link to the VOD?

Description

Time

  • Played on: May 29, 2017, 3:53 p.m.
  • Length: 8:05
Show
View Real Time Build Order
Export as new Build Order

zuka Protoss - Winner!

Build Orders: 1 Gate Expand, Dark Templar Rush 

Get SALT Encoding   

  12  0:01  Probe (Chrono Boost)  
  13  0:12  Probe (Chrono Boost)  
  14  0:18  Pylon  
  14  0:22  Probe (Chrono Boost)  
  15  0:36  Probe (Chrono Boost)  
  15  0:38  Gateway  
  16  0:47  Probe (Chrono Boost)  
  16  0:48  Assimilator  
  17  0:57  Probe (Chrono Boost)  
  18  1:08  Probe (Chrono Boost)  
  20  1:18  Probe (Chrono Boost)  
  20  1:27  Nexus  
  20  1:39  Cybernetics Core  
  20  1:41  Probe (Chrono Boost)  
  20  1:45  Assimilator  
  21  1:51  Probe (Chrono Boost)  
  21  1:53  Pylon  
  22  2:02  Probe (Chrono Boost)  
  22  2:07  Pylon  
  23  2:12  Probe (Chrono Boost)  
  23  2:19  Adept  
  25  2:23  Mothership Core (Chrono Boost)  
  25  2:26  Warp Gate  
  27  2:41  Probe x2 (Chrono Boost)  
  29  2:45  Twilight Council  
  29  2:52  Probe x2 (Chrono Boost)  
  29  2:54  Adept  
  33  3:02  Probe x2 (Chrono Boost)  
  35  3:14  Probe (Chrono Boost)  
  35  3:16  Robotics Facility  
  35  3:17  Probe (Chrono Boost)  
  37  3:25  Probe (Chrono Boost)  
  38  3:27  Probe (Chrono Boost)  
  39  3:35  Probe (Chrono Boost)  
  39  3:36  Dark Shrine  
  39  3:38  Probe (Chrono Boost)  
  41  3:43  Pylon  
  41  3:46  Probe (Chrono Boost)  
  42  3:48  Probe (Chrono Boost)  
  43  3:59  Assimilator  
  43  4:01  Gateway  
  43  4:02  Assimilator  
  44  4:04  Gateway  
  44  4:08  Warp Prism (Chrono Boost)  
  45  4:10  Probe  
  45  4:11  Probe  
  47  4:17  Pylon  
  47  4:21  Probe  
  47  4:23  Probe  
  49  4:30  Stalker  
  51  4:31  Probe  
  51  4:35  Probe  
  51  4:38  Pylon  
  53  4:39  Pylon  
  53  4:41  Observer (Chrono Boost)  
  54  4:46  Probe  
  54  4:48  Probe  
  56  4:57  Shadow Stride, Probe  
  57  5:02  Dark Templar x2  
  57  5:03  Dark Templar  
  63  5:17  Probe  
  63  5:18  Probe  
  60  5:22  Charge (Chrono Boost)  
  60  5:25  Pylon  
  60  5:34  Probe  
  61  5:47  Probe x2  
  63  5:58  Probe  
  63  5:59  Probe  
  63  6:03  Gateway  
  65  6:05  Gateway  
  65  6:07  Gateway  
  65  6:10  Gateway  
  65  6:11  Probe  
  66  6:17  Dark Templar x3  
  70  6:20  Pylon  
  70  6:22  Pylon  
  70  6:28  Gateway  
  70  6:34  Immortal (Chrono Boost)  
  70  6:35  Gateway, Pylon  
  74  6:45  Nexus  
  74  6:47  Pylon  
  74  6:54  Dark Templar x3  
  80  7:07  Dark Templar x2  
  80  7:08  Warp Prism (Chrono Boost)  
  86  7:09  Dark Templar  
  86  7:12  Zealot  
  92  7:34  Dark Templar  
  92  7:35  Zealot x4  
  100  7:39  Observer (Chrono Boost)  
  100  7:40  Zealot x2  
  100  7:41  Zealot  
  100  7:42  Zealot  
Show
View Real Time Build Order
Export as new Build Order

Dan Terran 

Build Orders:  

Get SALT Encoding   

  12  0:01  SCV  
  13  0:13  SCV  
  14  0:18  Supply Depot  
  14  0:25  SCV  
  15  0:40  SCV  
  15  0:42  Barracks  
  16  0:45  Refinery  
  16  0:52  SCV  
  17  1:04  SCV  
  18  1:17  SCV  
  19  1:35  Orbital Command  
  19  1:38  Marine  
  19  1:40  Supply Depot  
  19  1:54  Factory  
  19  2:02  SCV  
  19  2:05  Barracks Reactor  
  20  2:15  SCV  
  21  2:25  Command Center  
  21  2:27  SCV  
  22  2:35  Supply Depot  
  22  2:38  Factory Reactor  
  22  2:40  Widow Mine  
  22  2:41  SCV  
  22  2:42  Marine x2  
  27  2:54  SCV  
  28  3:01  Starport  
  28  3:02  Marine x2  
  30  3:06  SCV  
  30  3:10  Widow Mine  
  33  3:18  Supply Depot, SCV  
  34  3:23  Marine x2  
  36  3:30  SCV  
  37  3:37  Orbital Command  
  37  3:42  Medivac  
  37  3:45  SCV  
  37  3:48  Marine x2  
  42  3:51  Widow Mine  
  44  4:00  SCV  
  45  4:04  SCV  
  46  4:10  Engineering Bay  
  46  4:12  Marine x2  
  48  4:18  SCV  
  48  4:21  SCV  
  50  4:30  SCV  
  51  4:33  Viking, SCV  
  51  4:34  Widow Mine  
  51  4:36  Command Center  
  56  4:41  Marine x2  
  56  4:43  SCV  
  56  4:45  Refinery x2, SCV  
  60  4:53  Supply Depot x2  
  60  4:56  SCV  
  60  4:58  SCV  
  62  5:07  Marine x2  
  62  5:12  Factory Tech Lab  
  62  5:13  Starport Tech Lab  
  62  5:15  SCV  
  60  5:21  SCV  
  60  5:25  Marine  
  60  5:27  SCV  
  60  5:28  Barracks  
  62  5:29  Barracks  
  62  5:30  Missile Turret  
  62  5:34  Missile Turret  
  62  5:35  SCV  
  63  5:39  SCV  
  63  5:40  Missile Turret  
  58  5:47  Marine, SCV  
  56  5:50  Orbital Command, Marine  
  56  5:51  SCV  
  48  6:07  SCV x2  
  48  6:08  Marine  
  47  6:17  SCV  
  46  6:19  SCV x2  
  48  6:26  Marine  
  48  6:29  Raven  
  48  6:31  SCV  
  48  6:32  SCV  
  53  6:43  SCV  
  53  6:45  SCV x2  
  56  6:53  Marine, Factory Reactor  
  57  6:56  SCV  
  57  6:57  SCV  
  57  7:00  Barracks Reactor  
  59  7:09  SCV x2  
  59  7:13  SCV  
  59  7:14  Marauder, Barracks Reactor  
  64  7:21  SCV  
  66  7:25  SCV  
  66  7:28  Barracks  
  66  7:29  Orbital Command, Barracks  
  66  7:39  Marine x3  
  66  7:40  Marauder  
  71  7:45  SCV x2  
  71  7:48  Factory Reactor  
  71  7:50  Refinery  
Tags
 
Add a new tag
Caveats
  • Supply blocks, unpowered buildings, or Contaminate may cause inaccurate times.
  • Supply counts are checked every 10 seconds.